Map: 旋风平台 - 天梯版 (虚空)

Players

PSiArc

  • Race: Terran Terran
  • League: Master
  • Spawn Location: 5:00

Jim - Winner!

  • Race: Protoss Protoss
  • Spawn Location: 11:00

Event: WESG 2016 Finals

VOD

Have the link to the VOD?

Description

Time

  • Played on: Jan. 12, 2017, 10:31 p.m.
  • Length: 5:48

All games in this series

Show
View Real Time Build Order
Export as new Build Order

PSiArc Terran 

Build Orders: Command Center First (CC) 

Get SALT Encoding   

  12  0:00  SCV  
  13  0:13  SCV  
  14  0:17  Supply Depot  
  14  0:25  SCV  
  15  0:38  SCV  
  16  0:50  SCV  
  17  0:58  Command Center  
  17  1:02  SCV  
  18  1:12  Barracks  
  18  1:15  SCV  
  19  1:27  Barracks  
  19  1:28  SCV  
  20  1:41  SCV  
  21  1:47  Barracks  
  21  1:53  SCV  
  22  1:59  Marine  
  23  2:06  Orbital Command  
  23  2:10  Orbital Command  
  23  2:13  Marine  
  24  2:17  Marine  
  25  2:22  Refinery  
  25  2:25  Refinery  
  25  2:31  Marine  
  25  2:32  SCV  
  25  2:34  Marine  
  25  2:35  Marine  
  29  2:38  SCV  
  29  2:44  SCV  
  29  2:49  Supply Depot  
  29  2:50  SCV  
  29  2:51  Marine  
  31  2:53  Marine  
  31  2:54  Barracks Tech Lab  
  31  2:56  SCV  
  34  3:02  SCV  
  35  3:08  SCV  
  35  3:09  Marine  
  35  3:11  Marine  
  38  3:13  Marine, Stimpack  
  38  3:14  SCV  
  38  3:16  Supply Depot  
  40  3:21  SCV  
  40  3:26  SCV  
  42  3:27  Engineering Bay  
  42  3:29  Marine x2  
  42  3:31  Marine  
  45  3:34  SCV  
  45  3:38  SCV  
  47  3:41  Factory  
  47  3:46  SCV  
  48  3:51  Marine x2  
  48  3:52  Marine  
  48  3:54  Missile Turret  
  51  3:56  SCV  
  52  4:04  SCV  
  52  4:09  SCV  
  53  4:16  SCV  
  54  4:17  Supply Depot  
  54  4:18  Barracks Reactor  
  54  4:19  Barracks Tech Lab  
  54  4:27  Starport  
  54  4:30  Factory Reactor  
  54  4:34  Refinery  
  54  4:39  Supply Depot, SCV x2  
  54  4:44  Marine  
  54  4:45  Marine  
  58  4:46  Supply Depot  
  58  4:51  SCV x2  
  60  5:00  Marine x2  
  60  5:01  Supply Depot  
  60  5:03  SCV  
  60  5:04  SCV  
  60  5:05  Supply Depot  
  64  5:08  Missile Turret  
  64  5:11  Marauder x2  
  68  5:15  SCV  
  63  5:21  SCV  
  63  5:27  SCV  
  43  5:33  SCV  
Show
View Real Time Build Order
Export as new Build Order

Jim Protoss - Winner!

Build Orders: 1 Gate Expand, Mass Adepts 

Get SALT Encoding   

  12  0:01  Probe (Chrono Boost)  
  13  0:11  Probe (Chrono Boost)  
  14  0:17  Pylon  
  14  0:22  Probe (Chrono Boost)  
  16  0:35  Probe (Chrono Boost)  
  16  0:36  Gateway  
  16  0:42  Assimilator  
  16  0:46  Probe (Chrono Boost)  
  17  0:57  Probe (Chrono Boost)  
  18  1:07  Probe (Chrono Boost)  
  19  1:18  Probe (Chrono Boost)  
  20  1:24  Nexus  
  20  1:30  Cybernetics Core  
  21  1:33  Probe (Chrono Boost)  
  21  1:40  Assimilator  
  21  1:43  Probe (Chrono Boost)  
  22  1:47  Pylon  
  22  1:54  Probe (Chrono Boost)  
  23  2:03  Adept  
  23  2:06  Warp Gate  
  23  2:07  Probe (Chrono Boost)  
  26  2:19  Probe (Chrono Boost)  
  26  2:21  Twilight Council  
  27  2:29  Probe (Chrono Boost)  
  28  2:38  Probe (Chrono Boost)  
  28  2:40  Probe (Chrono Boost), Robotics Facility  
  30  2:48  Resonating Glaives  
  30  2:49  Probe (Chrono Boost), Adept  
  30  2:50  Probe (Chrono Boost)  
  34  2:59  Probe (Chrono Boost)  
  34  3:03  Probe (Chrono Boost)  
  36  3:10  Probe (Chrono Boost)  
  37  3:15  Probe (Chrono Boost)  
  37  3:16  Adept  
  40  3:20  Probe (Chrono Boost)  
  40  3:24  Warp Prism  
  42  3:27  Probe (Chrono Boost)  
  42  3:32  Probe (Chrono Boost), Pylon  
  45  3:35  Gateway  
  45  3:39  Gateway  
  45  3:43  Probe (Chrono Boost)  
  46  3:54  Gateway  
  46  3:56  Gateway  
  46  3:57  Gateway  
  46  4:06  Gateway  
  46  4:11  Warp Prism  
  46  4:13  Adept  
  46  4:14  Gateway  
  50  4:23  Pylon  
  50  4:25  Pylon  
  50  4:37  Pylon  
  50  4:40  Adept x2  
  50  4:41  Adept  
  56  4:55  Adept x3  
  56  4:59  Adept  
  64  5:00  Adept x2  
  64  5:04  Adept  
  70  5:08  Adept  
  70  5:10  Pylon  
  72  5:25  Adept x5  
  64  5:35  Adept  
  64  5:36  Adept x5  
  64  5:37  Adept  
Tags
 
Add a new tag
Caveats
  • Supply blocks, unpowered buildings, or Contaminate may cause inaccurate times.
  • Supply counts are checked every 10 seconds.